cohdb
Replays
Latest Replays
All Replays
Popular Replays
Top Player Replays
Match Explorer
How It Works
Community
CoH3 Stats
Reddit
Sign in to upload your games and track your stats! →
Sign in with Steam
Match 41750320
Unlisted
Match 41750320
Overview
Messages
Build Orders
End
Panzergrenadier Squad
Selects Armored Support Battlegroup
250 Light Carrier
Panzergrenadier Squad
Construct Light Support Kompanie
MG34 Team
2.5-tonne Medical Truck
Combat Half-tracks
Fire Support Elements
Flakvierling Half-track
Pak 38 Mechanized Group
Selects Veteran Gunners
Vehicle Survival Package
Veteran Squad Leaders
Construct Panzerarmee Kommand
Emergency Repair Kits
Advanced Optics
Walking Stuka Rocket Launcher
Armored Reserves
Tungsten Core Ammunition
Panzerpioneer Squad
Selects Flammpanzer III Medium Tank
Selects Salvage Kits
StuG Assault Group
Rapid Advance
Advanced Field Repairs
StuG Assault Group
Kostas03
trotu
BigTiddyLebron
kreumat
0
0
Comments
sign in to comment!
No comments posted yet!